 Dungeon Crawl Stone Soup version 0.26-a0-648-g87339cca5e (webtiles) character file.

Game seed: 5393777651747152861

(classic levelgen) 1609568 EnegeticOcto the Warrior (level 24, 201/201 HPs)
             Began as a Mummy Wanderer on Sept 25, 2020.
             Was the Champion of Ru.
             Escaped with the Orb
             ... and 3 runes!
             The game lasted 02:08:33 (69991 turns).

EnegeticOcto the Warrior (Mummy Wanderer)          Turns: 69991, Time: 02:08:34

Health: 201/201    AC: 42    Str: 28    XL:     24   Next: 89%
Magic:  32/32      EV: 13    Int: 16    God:    Ru [******]
Gold:   2144       SH: 37    Dex: 15    Spells: 28/35 levels left

rFire    . . .     SeeInvis +   a - +12 quick blade (vorpal)
rCold    + . .     Faith    .   c - +8 tower shield
rNeg     + + +     Spirit   +   D - +2 storm dragon scales
rPois    ∞         Reflect  .   N - +2 helmet {SInv}
rElec    +         Harm     .   P - +2 cloak
rCorr    .         Rampage  .   r - +3 pair of gloves "Siekhlip" {Str+2 Int+2}
MR       +++..                  p - +2 pair of boots
Stlth    ..........             B - brooch of Shielding {Spirit SH+8}
HPRegen  0.43/turn              L - ring of Yendor {+Fly rF+ Str+3 Dex+3 Stlth+}
MPRegen  0.23/turn              v - ring of Robustness {AC+8}

@: lightly drained
A: no potions, fire vulnerability, cold resistance 1, negative energy resistance
3, torment resistance, unbreathing, hated by all, no earth magic, no hexes
magic, no necromancy magic, unskilled 1, inexperienced 1, in touch with death 1
0: Orb of Zot
}: 3/15 runes: serpentine, barnacled, slimy
a: Draw Out Power, Power Leap, Apocalypse, Renounce Religion, Evoke Flight


You escaped.
You worshipped Ru.
Ru was exalted by your worship.
You visited 9 branches of the dungeon, and saw 49 of its levels.
You also visited: Trove, Ossuary and Gauntlet.

You collected 6577 gold pieces.
You spent 4433 gold pieces at shops.

Inventory:

Hand Weapons
 a - a +12 vorpal quick blade (weapon)
 b - the +9 morningstar of Famn {freeze, rF++ rN+ MR+ Dex-2}
   (You found it on level 5 of the Pits of Slime)

   It has been specially enchanted to freeze those struck by it, causing extra
   injury to most foes and up to half again as much damage against particularly
   susceptible opponents.
   It can also slow down cold-blooded creatures.
   It affects your dexterity (-2).
   It greatly protects you from fire.
   It protects you from negative energy.
   It affects your resistance to hostile enchantments.
 d - a +3 short sword of distortion
Missiles
 l - 31 curare-tipped darts
 m - 5 throwing nets {!f}
 q - 8 silver boomerangs (quivered)
 O - 83 silver javelins
 R - 24 boomerangs
 Z - 17 javelins
Armour
 c - a +8 tower shield (worn)
 o - a scarf of resistance
 p - a +2 pair of boots (worn)
 r - the +3 pair of gloves "Siekhlip" (worn) {Str+2 Int+2}
   (You found it on level 3 of the Elven Halls)

   It affects your strength (+2).
   It affects your intelligence (+2).
 D - +2 storm dragon scales (worn)
 N - a +2 helmet of see invisible (worn)
 P - a +2 cloak (worn)
Jewellery
 v - the ring of Robustness (right hand) {AC+8}
   (You found it in a treasure trove)

   [ring of protection]

   It affects your AC (+8).
 B - the brooch of Shielding (around neck) {Spirit SH+8}
   (You found it on level 3 of the Elven Halls)

   [amulet of guardian spirit]

   It causes incoming damage to be split between your health and magic.
   It affects your SH (+8).
 E - an uncursed ring of wizardry
 J - an uncursed ring of protection from magic
 L - the ring of Yendor (left hand) {+Fly rF+ Str+3 Dex+3 Stlth+}
   (You bought it in a shop on level 2 of the Orcish Mines)

   [ring of flight]

   It affects your strength (+3).
   It affects your dexterity (+3).
   It protects you from fire.
   It lets you fly.
   It makes you more stealthy.
 M - the ring of the Will of the Gods {rCorr Dex+3}
   (You found it in a Gauntlet)

   [ring of resist corrosion]

   It affects your dexterity (+3).
   It provides partial protection from all sources of acid and corrosion.
Wands
 e - a wand of disintegration (10)
 f - a wand of acid (3) {@v1}
 i - a wand of flame (19) {@v4}
 w - a wand of digging (14) {@v3}
 y - a wand of iceblast (65) {@v2}
 z - a wand of paralysis (24)
 A - a wand of polymorph (13)
Scrolls
 h - 11 scrolls of identify {@r1}
 j - 7 scrolls of immolation
 k - 7 scrolls of teleportation {@r3 !r}
 n - 14 scrolls of fog {!r}
 s - 2 scrolls of blinking {@r4}
 x - 8 scrolls of fear {!r}
 I - 2 scrolls of silence
 T - 5 scrolls of vulnerability
 Y - 3 scrolls of holy word
Miscellaneous
 t - a condenser vane (1/2)
 u - a tin of tremorstones (2/3)
 Q - a lightning rod (4/4)


   Skills:
 + Level 19.2(19.0) Fighting
 - Level 10.0(9.7) Short Blades
   Level 7.1(12.1) Slings
 - Level 15.4(15.7) Throwing
 - Level 15.0(14.7) Armour
 - Level 10.0(9.7) Dodging
 - Level 15.0(14.7) Shields
 - Level 6.0(5.8) Spellcasting
   Level 1.3(1.2) Conjurations
   Level 0.8(0.6) Transmutations
 - Level 10.0(9.7) Evocations


You had 28 spell levels left.
You knew the following spells:

 Your Spells              Type           Power        Failure   Level
a - Sandblast             Erth           #.....       88%         1
b - Apportation           Tloc           #.....       88%         1
c - Lesser Beckoning      Tloc           #.........   99%         3
Y - Blink                 Tloc           N/A          96%         2

Your spell library contained the following spells:

 Spells                   Type           Power        Failure   Level
 Sting                    Tmut/Pois      #...         86%         1
 Freeze                   Ice            #...         88%         1
 Poisonous Vapours        Pois/Air       #.....       96%         2
 Conjure Flame            Conj/Fire      #.......     99%         3
 Frozen Ramparts          Ice            #.....       99%         3
 Gell's Gravitas          Tloc           #.........   99%         3
 Ignite Poison            Fire/Tmut/Pois #.......     99%         3
 Mephitic Cloud           Conj/Pois/Air  #.......     99%         3
 Ozocubu's Armour         Ice            #.......     99%         3
 Static Discharge         Conj/Air       #.......     99%         3
 Teleport Other           Tloc           #.......     99%         3
 Hailstorm                Conj/Ice       #.......     100%        4
 Olgreb's Toxic Radiance  Pois           #.......     100%        4
 Passage of Golubria      Tloc           N/A          100%        4
 Alistair's Intoxication  Tmut/Pois      #........    100%        5
 Irradiate                Conj/Tmut      #.........   100%        5
 Iskenderun's Battlesphe  Conj           #.......     100%        5
 Lightning Bolt           Conj/Air       #.........   100%        5
 Eringya's Noxious Bog    Tmut/Pois      #.........   100%        6
 Freezing Cloud           Conj/Ice/Air   #.........   100%        6
 Starburst                Conj/Fire      #.........   100%        6
 Orb of Destruction       Conj           #.........   100%        7
 Ignition                 Fire           #.........   100%        8
 Tornado                  Air            #.........   100%        9
 Animate Skeleton         Necr           Unusable     N/A         1
 Corona                   Hex            Unusable     N/A         1
 Summon Small Mammal      Summ           Unusable     N/A         1
 Call Imp                 Summ           Unusable     N/A         2
 Corpse Rot               Necr/Air       Unusable     N/A         2
 Sublimation of Blood     Necr           Unusable     N/A         2
 Call Canine Familiar     Summ           Unusable     N/A         3
 Confusing Touch          Hex            Unusable     N/A         3
 Stone Arrow              Conj/Erth      Unusable     N/A         3
 Summon Guardian Golem    Hex/Summ       Unusable     N/A         3
 Tukima's Dance           Hex            Unusable     N/A         3
 Dispel Undead            Necr           Unusable     N/A         4
 Leda's Liquefaction      Hex/Erth       Unusable     N/A         4
 Petrify                  Tmut/Erth      Unusable     N/A         4
 Summon Ice Beast         Ice/Summ       Unusable     N/A         4
 Summon Lightning Spire   Summ/Air       Unusable     N/A         4
 Agony                    Necr           Unusable     N/A         5
 Bolt of Magma            Conj/Fire/Erth Unusable     N/A         5
 Borgnjor's Vile Clutch   Necr/Erth      Unusable     N/A         5
 Excruciating Wounds      Necr           Unusable     N/A         5
 Metabolic Englaciation   Hex/Ice        Unusable     N/A         5
 Silence                  Hex/Air        Unusable     N/A         5
 Summon Demon             Summ           Unusable     N/A         5
 Summon Forest            Summ/Tloc      Unusable     N/A         5
 Summon Mana Viper        Hex/Summ       Unusable     N/A         5
 Yara's Violent Unravell  Hex/Tmut       Unusable     N/A         5
 Invisibility             Hex            Unusable     N/A         6
 Iron Shot                Conj/Erth      Unusable     N/A         6
 Shadow Creatures         Summ           Unusable     N/A         6
 Simulacrum               Ice/Necr       Unusable     N/A         6
 Statue Form              Tmut/Erth      Unusable     N/A         6
 Malign Gateway           Summ/Tloc      Unusable     N/A         7
 Monstrous Menagerie      Summ           Unusable     N/A         7
 Spellforged Servitor     Conj/Summ      Unusable     N/A         7
 Summon Greater Demon     Summ           Unusable     N/A         7
 Summon Hydra             Summ           Unusable     N/A         7
 Summon Horrible Things   Summ           Unusable     N/A         8
 Shatter                  Erth           Unusable     N/A         9

Dungeon Overview and Level Annotations

Branches:
Dungeon (15/15)            Temple (0/1) D:4            Lair (6/6) D:9
 Shoals (4/4) Lair:3        Snake (4/4) Lair:4        Slime (5/5) Lair:5
    Orc (2/2) D:12            Elf (3/3) Orc:2        Vaults (0/5) D:14
 Depths (5/5) D:15            Zot (5/5) Depths:5    Ossuary (visited)
Gauntlet (visited)

Altars:
Dithmenos
Fedhas
Hepliaklqana
Kikubaaqudgha
Makhleb
Okawaru
Ru
Sif Muna
Trog
Vehumet
Xom
Yredelemnul
Beogh
Jiyva

Shops:
D:5 **[=   D:9 [   D:15 :   Orc:2 =!*[*(   Shoals:1 (   Shoals:4 ?   Snake:4 *
Depths:2 }=}   Depths:3 =

Portals:
Hell: Lair:6 Depths:1 Depths:2 Depths:3 Depths:4 Depths:5
Abyss: Depths:4
Pandemonium: Depths:3
Ziggurat: Depths:3

Annotations:
D:2 1 runed translucent door, Crazy Yiuf
Lair:5 2 runed translucent doors, Fyraqotz's ghost, journeyman VSFi
Snake:1 2 runed translucent doors, Ylebor's ghost, adept TrFi
Elf:2 3 runed translucent doors


Innate Abilities, Weirdness & Mutations

You do not drink.
Your flesh is vulnerable to fire.
You are immune to poison.
Your flesh is cold resistant. (rC+)
You are immune to negative energy. (rN+++)
You are immune to unholy pain and torment.
You can survive without breathing.
You are hated by all.
You cannot study or cast Earth magic.
You cannot study or cast Hexes magic.
You cannot study or cast Necromancy magic.
You are somewhat unskilled. (-1 Apt)
You are somewhat inexperienced. (-2 XL)
You are in touch with the powers of death.


Message History

17 arrows; a +0 shortbow A reaper comes into view.
It is wielding a +5 scythe of venom.
You block the reaper's attack.
There is a stone staircase leading up here.
You block the reaper's attack.
You climb upwards.
There is a stone staircase leading down here.
(D) Dungeon (T) Temple (L) Lair (A) Shoals (P) Snake Pit (M) Slime Pits (O) Orcish Mines (E) Elven Halls (V) Vaults (U) Depths (H) Hell (Z) Zot
Where to? (Enter - D:1 @ (x,y), ? - help) Magic restored.
You see here a +0 giant club.
An eye of draining and a skeleton come into view.
You feel less exhausted.
The eye of draining moves out of view.
There is a stone staircase leading up here.
You climb upwards.
There is a stone staircase leading down here.
(D) Dungeon (T) Temple (L) Lair (A) Shoals (P) Snake Pit (M) Slime Pits (O) Orcish Mines (E) Elven Halls (V) Vaults (U) Depths (H) Hell (Z) Zot
Where to? (Enter - D:1 @ (x,y), ? - help)
You see here a purple potion.
An Orb Guardian comes into view.
Throwing (i - inventory. (/) - cycle)
q - 8 silver boomerangs (quivered)
Press: ? - help, Shift-Dir - straight line, f - Orb Guardian
Aim: an Orb Guardian You throw a silver boomerang.
The silver boomerang hits the Orb Guardian.
The Orb Guardian is lightly wounded.
Throwing (i - inventory. (/) - cycle)
q - 8 silver boomerangs (quivered)
Press: ? - help, Shift-Dir - straight line, f/p - Orb Guardian
Aim: an Orb Guardian (lightly wounded)
You throw a silver boomerang.
The silver boomerang closely misses the Orb Guardian.
You block the Orb Guardian's attack.
Throwing (i - inventory. (/) - cycle)
q - 8 silver boomerangs (quivered)
Press: ? - help, Shift-Dir - straight line, f/p - Orb Guardian
Aim: an Orb Guardian (lightly wounded)
You throw a silver boomerang.
The silver boomerang hits the Orb Guardian!!
The Orb Guardian is heavily wounded.
The Orb Guardian hits you but does no damage.
You puncture the Orb Guardian!
The Orb Guardian is heavily wounded.
You block the Orb Guardian's attack.
You puncture the Orb Guardian!
The Orb Guardian is severely wounded.
You hit the Orb Guardian but do no damage.
The Orb Guardian is severely wounded.
You redirect the Orb Guardian's attack!
The Orb Guardian hits itself.
You puncture the Orb Guardian!
The Orb Guardian is almost dead.
You puncture the Orb Guardian!
The Orb Guardian is almost dead.
You block the Orb Guardian's attack.
You puncture the Orb Guardian!
You kill the Orb Guardian!
There is a stone staircase leading up here.
Unknown command.
(D) Dungeon (T) Temple (L) Lair (A) Shoals (P) Snake Pit (M) Slime Pits (O) Orcish Mines (E) Elven Halls (V) Vaults (U) Depths (H) Hell (Z) Zot
Where to? (Enter - D:1 @ (x,y), ? - help)
You climb upwards.
There is a stone staircase leading down here.
An Orb Guardian comes into view.
There is a stone staircase leading up here.
You climb upwards.
Level annotation: 1 runed translucent door, Crazy Yiuf
There is a stone staircase leading down here.
(D) Dungeon (T) Temple (L) Lair (A) Shoals (P) Snake Pit (M) Slime Pits (O) Orcish Mines (E) Elven Halls (V) Vaults (U) Depths (H) Hell (Z) Zot
Where to? (Enter - D:1 @ (x,y), ? - help)
A glowing orange brain comes into view.
You hit the glowing orange brain.
The glowing orange brain is lightly wounded.
You puncture the glowing orange brain!
The glowing orange brain is heavily wounded.
You puncture the glowing orange brain!
The glowing orange brain is severely wounded.
You puncture the glowing orange brain!
The glowing orange brain is almost dead.
You impale the glowing orange brain!!
You kill the glowing orange brain!
Your tin of tremorstones (2/3) has regained one charge.
(D) Dungeon (T) Temple (L) Lair (A) Shoals (P) Snake Pit (M) Slime Pits (O) Orcish Mines (E) Elven Halls (V) Vaults (U) Depths (H) Hell (Z) Zot
Where to? (Enter - D:1 @ (x,y), ? - help)
There is a stone staircase leading down here.
There is a stone staircase leading up here.
You climb upwards.
There is a stone staircase leading down here.
You see here a +0 dagger.
There is a staircase leading out of the dungeon here.
You have escaped!

####.# #......#.#
# #....#
#####....# #
#.#### ###..# #
#.# ### #..# #
#.###.### #..####
#.#.[...###
#..##..
#.........#
#..##.#
#.........#
#..##.#
#....@....###
#..##.#
#...........#
#).##.#
##........#.#
#......
##.......#.#
#......
###....##.#
#(#.#.# #######.#
##.....# #.#
#.......
######.###..)..##
#...........#.##


There were no monsters in sight!

Vanquished Creatures
  Dissolution (Slime:3)
  the Royal Jelly (Slime:5)
  5 orbs of fire (Zot:5)
  4 ancient liches
  A juggernaut (Depths:4)
  6 Killer Klowns (Zot:5)
  2 pandemonium lords
  Bai Suzhen (Depths:3)
  Saint Roka (Elf:3)
  2 curse toes (Zot:5)
  6 caustic shrikes
  2 golden dragons (Zot:5)
  2 electric golems (Zot:5)
  Jorgrun (D:13)
  4 liches
  A Brimstone Fiend (D:13)
  8 tentacled monstrosities
  25 Orb Guardians
  2 deep elf master archers (Elf:3)
  2 deep elf blademasters (Elf:3)
  Asterion (Depths:2)
  20 acid blobs
  5 death cobs (Zot:5)
  2 sphinxes
  2 storm dragons
  Roxanne (Elf:2)
  4 tengu reavers
  A shadow dragon (shapeshifter) (Depths:4)
  A draconian monk (Depths:5)
  A fire giant (shapeshifter) (Depths:3)
  7 nagarajas (Snake:4)
  3 draconian scorchers (Zot:5)
  10 azure jellies
  Ilsuiw (Shoals:3)
  10 fire giants
  A draconian knight (Zot:5)
  8 frost giants
  A frost giant (shapeshifter) (Depths:4)
  A ghost moth (Depths:4)
  An orc warlord (Orc:2)
  Louise (Elf:2)
  An iron dragon (shapeshifter) (Depths:4)
  5 iron dragons
  3 deep elf sorcerers (Elf:3)
  A cacodemon (D:7)
  A deep elf elementalist (Elf:3)
  3 draconian stormcallers
  6 spriggan defenders
  4 war gargoyles (Depths:4)
  2 draconian shifters
  A draconian annihilator (Zot:1)
  12 stone giants
  14 very ugly things
  4 vampire knights
  12 deep elf demonologists
  2 lorocyprocas (Depths:4)
  3 green draconians
  3 purple draconians (Zot:5)
  13 deep elf annihilators
  A black draconian (Depths:5)
  2 yellow draconians (Zot:1)
  2 red draconians
  9 spark wasps
  2 white draconians
  5 merfolk javelineers
  Snorg (Lair:5)
  A minotaur (Gauntlet)
  A blizzard demon (Zot:1)
  A crystal guardian (Depths:4)
  4 deep elf death magi
  A green death (Gauntlet)
  8 ettins
  6 death oozes
  7 fire dragons
  2 deep elf high priests
  7 merfolk impalers
  A yaktaur captain (Depths:3)
  14 naga warriors
  11 great orbs of eyes
  12 ice dragons
  5 hydras
  Erolcha (D:11)
  A vault guard (D:14)
  2 merfolk avatars
  5 rakshasas
  2 juggernaut simulacra (Depths:4)
  7 anacondas
  9 centaur warriors
  An ice dragon (shapeshifter) (Depths:4)
  8 spriggan air magi
  A catoblepas (shapeshifter) (Depths:2)
  A hell beast (Depths:3)
  4 merfolk aquamancers
  4 two-headed ogres
  10 dancing weapons
  7 deep troll shamans
  2 catoblepae (Lair:4)
  A death knight (D:14)
  10 deep troll earth magi
  2 satyrs (Shoals:4)
  2 tengu warriors
  A death scarab (Gauntlet)
  2 orc high priests
  2 shock serpents
  16 naga sharpshooters
  2 vampire magi
  3 spriggan berserkers
  A soul eater (Depths:3)
  18 deep elf knights
  13 spriggans
  3 sun demons
  2 salamander mystics
  8 iron trolls
  7 skeletal warriors
  3 hell knights (Depths:2)
  3 spriggan druids (Depths:3)
  3 flayed ghosts
  A death drake (shapeshifter) (Depths:4)
  18 deep trolls
  14 sea snakes
  A torturous demonspawn (Depths:3)
  10 deep elf archers
  2 unseen horrors
  3 glowing orange brains
  8 naga ritualists
  A wizard (Lair:6)
  8 harpies (Shoals:4)
  A lindwurm (D:14)
  A wolf spider zombie (D:15)
  3 necromancers (Depths:2)
  A mana viper (shapeshifter) (Depths:5)
  7 orc knights
  A wolf spider (Depths:2)
  6 mana vipers
  A shining eye (shapeshifter) (Depths:4)
  47 deep elf magi
  14 salamanders
  2 shining eyes (Slime:3)
  2 cyclopes
  2 moths of wrath (shapeshifter) (Depths:4)
  14 fauns
  16 manticores
  31 ugly things
  5 moths of wrath
  7 orc sorcerers
  9 elephants
  33 black mambas
  11 merfolk sirens
  3 water nymphs
  4 guardian serpents
  28 naga magi
  A smoke demon (Lair:6)
  An eye of devastation (Slime:5)
  11 cane toads
  A molten gargoyle (D:14)
  A torpor snail (Gauntlet)
  A gargoyle (D:15)
  2 komodo dragons
  4 orange demons
  A kobold demonologist (D:11)
  4 efreet
  5 spectral swamp worms (Depths:3)
  4 rime drakes
  5 ice devils
  24 yaktaurs
  3 freezing wraiths
  A hellwing (D:7)
  A demonic crawler (Lair:5)
  4 tengu conjurers
  28 merfolk
  8 trolls
  3 meliai (D:15)
  Grinder (D:3)
  2 polar bears
  5 wind drakes
  17 hornets
  17 blink frogs
  A tyrant leech (shapeshifter) (Depths:4)
  57 slime creatures
  A slime creature (shapeshifter) (Depths:2)
  A hippogriff (shapeshifter) (Depths:2)
  A blink frog (shapeshifter) (D:15)
  9 hippogriffs
  A snapping turtle (shapeshifter) (Depths:5)
  A dream sheep (shapeshifter) (Depths:5)
  3 air elementals
  11 snapping turtles
  19 water elementals
  A spectral komodo dragon (Gauntlet)
  A vampire (D:14)
  2 wyverns
  3 wraiths (D:14)
  A ynoxinul (Depths:3)
  A hog (shapeshifter) (Depths:2)
  Eustachio (D:5)
  3 basilisks
  4 fire elementals
  2 steam dragons
  34 yaks
  4 vampire mosquitoes (D:13)
  A harpy simulacrum (D:14)
  42 nagas
  The ghost of deyja the Shield-Bearer, an amateur GrFi (D:3)
  4 swamp worms (Lair:5)
  5 wargs
  2 acid dragons
  9 water moccasins
  2 floating eyes
  3 hell hounds (Lair:6)
  A floating eye (shapeshifter) (Depths:1)
  8 porcupines
  41 orc warriors
  2 sky beasts
  3 ice beasts
  A black bear (D:12)
  A phantom (D:13)
  2 necrophages
  8 ogres
  5 eyes of draining
  5 boggarts
  11 centaurs
  12 crocodiles
  4 big kobolds
  16 bullfrogs
  3 elf zombies (Ossuary)
  A wyvern zombie (D:13)
  3 earth elementals
  A wyvern skeleton (D:9)
  5 scorpions
  16 killer bees
  20 wights
  2 electric eels
  6 howler monkeys
  7 centaur zombies
  5 human zombies (Ossuary)
  3 bullfrog zombies
  7 hounds
  3 jellies
  2 centaur skeletons
  12 orc priests
  16 orc wizards
  2 bullfrog skeletons
  4 iguanas
  Natasha (thrice) (D:3)
  9 worker ants
  A hound zombie (D:5)
  3 hound skeletons
  3 mummies (Ossuary)
  A worker ant zombie (D:11)
  12 gnolls
  15 adders
  A shadow imp (D:5)
  4 white imps
  An ufetubus (D:5)
  An ooze (D:2)
  2 adder zombies
  An adder skeleton (D:4)
  4 worms
  2 dart slugs
  7 leopard geckos
  103 orcs
  3 ball pythons
  9 bats
  6 giant cockroaches
  6 goblins
  3 hobgoblins
  14 jackals
  70 kobolds
  3 quokkas
  4 frilled lizards
  A jackal skeleton (D:5)
  A leopard gecko skeleton (D:7)
  A leopard gecko zombie (D:5)
  13 rats
  2 crawling corpses (Elf:3)
  A fire vortex (D:14)
1768 creatures vanquished.

Vanquished Creatures (others)
  A golden dragon (Zot:5)
  A lich (Depths:2)
  An Orb Guardian (Zot:5)
  A titan (Depths:4)
  An Executioner (D:15)
  A fire giant (Depths:3)
  A draconian monk (Depths:5)
  An iron dragon (Depths:4)
  A ghost moth (Zot:5)
  A deep elf elementalist (Elf:3)
  A stone giant (Depths:2)
  2 deep elf annihilators (Elf:3)
  A merfolk javelineer (Shoals:3)
  A fire dragon (D:15)
  A crystal guardian (Depths:4)
  A deep elf high priest (Elf:3)
  An anaconda (Snake:3)
  2 deep elf knights
  2 deep trolls
  A wizard (D:14)
  A mana viper (Snake:4)
  2 deep elf magi
  A faun (Shoals:1)
  3 black mambas
  A komodo dragon (Lair:3)
  3 hippogriffs
  2 blink frogs
  A water elemental (Elf:3)
  A yak (Lair:1)
  A warg (D:9)
  A naga (Snake:4)
  An orc warrior (Orc:2)
  A centaur (D:15)
  A big kobold (D:6)
  A bullfrog (Lair:4)
  3 killer bees (D:13)
  A wight (D:14)
  An electric eel (D:6)
  2 orc wizards
  5 orcs
  A kobold (D:6)
  A bush (Shoals:1)
  61 fungi
  64 plants
183 creatures vanquished.

Grand Total: 1951 creatures vanquished

Notes
Turn   | Place    | Note
-------+----------+-------------------------------------------
     0 | D:1      | EnegeticOcto the Mummy Wanderer began the quest for the
                  | Orb.
     0 | D:1      | EnegeticOcto set off with the following items: a +0 club, a
                  | wand of random effects (15), a +0 robe, a +0 kite shield;
                  | and the following spell memorised: Sandblast; and the
                  | following spells available to memorise: Stone Arrow
     0 | D:1      | Reached XP level 1. HP: 13/13 MP: 8/8
   383 | D:1      | Reached skill level 1 in Earth Magic
   809 | D:1      | Reached XP level 2. HP: 19/19 MP: 9/9
  1837 | D:2      | Reached XP level 3. HP: 25/25 MP: 11/11
  1916 | D:2      | Found an iron altar of Okawaru.
  1916 | D:2      | Found a basalt altar of Yredelemnul.
  1916 | D:2      | Found a sacrificial altar of Ru.
  1917 | D:2      | Found an ancient bone altar of Kikubaaqudgha.
  1939 | D:2      | Became a worshipper of Ru the Awakened
  2181 | D:2      | Reached skill level 1 in Fighting
  2272 | D:2      | Reached skill level 1 in Short Blades
  2388 | D:2      | Reached XP level 4. HP: 32/33 MP: 12/12
  2519 | D:2      | Found a runed translucent door.
  2520 | D:2      | Noticed Crazy Yiuf
  2896 | D:3      | Noticed Natasha
  2905 | D:3      | Killed Natasha
  2905 | D:3      | Reached skill level 2 in Fighting
  2994 | D:3      | Found a large runed translucent door.
  2994 | D:3      | Found a large runed translucent door.
  2999 | D:3      | Noticed deyja's ghost (amateur GrFi)
  3051 | D:3      | Noticed Natasha
  3059 | D:3      | Killed Natasha
  3059 | D:3      | Reached skill level 2 in Short Blades
  3059 | D:3      | Reached XP level 5. HP: 35/39 MP: 14/14
  3236 | D:3      | Noticed Natasha
  3248 | D:3      | Killed Natasha
  3248 | D:3      | Reached skill level 3 in Fighting
  3275 | D:3      | Gained mutation: You are hated by all. [Ru sacrifice]
  3275 | D:3      | Reached * piety under Ru
  3279 | D:3      | Noticed Grinder
  3327 | D:3      | Killed Grinder
  3327 | D:3      | Reached skill level 4 in Fighting
  3327 | D:3      | Reached skill level 3 in Short Blades
  3327 | D:3      | Reached XP level 6. HP: 48/48 MP: 15/15
  3657 | D:4      | Found a sand-covered staircase.
  3663 | Ossuary  | Entered an ossuary
  3693 | Ossuary  | Reached skill level 4 in Short Blades
  3705 | Ossuary  | Reached XP level 7. HP: 54/55 MP: 16/16
  3885 | Ossuary  | Reached skill level 5 in Fighting
  3885 | Ossuary  | Reached skill level 5 in Short Blades
  4116 | D:4      | Reached XP level 8. HP: 50/63 MP: 17/17
  4304 | D:4      | Found a radiant altar of Vehumet.
  4304 | D:4      | Found a blossoming altar of Fedhas.
  4304 | D:4      | Found a shadowy altar of Dithmenos.
  4505 | D:4      | Found a staircase to the Ecumenical Temple.
  4589 | D:4      | Reached skill level 6 in Short Blades
  4590 | D:4      | Gained mutation: You are somewhat unskilled. (-1 Apt) [Ru
                  | sacrifice]
  4590 | D:4      | Reduced skill Short Blades to level 5
  4590 | D:4      | Reduced skill Shields to level 0
  4590 | D:4      | Reduced skill Transmutations to level 0
  4590 | D:4      | Reduced skill Evocations to level 0
  4590 | D:4      | Reached ** piety under Ru
  4590 | D:4      | Reached *** piety under Ru
  4642 | D:4      | Noticed a moth of wrath
  4645 | D:4      | Found a bloodstained altar of Trog.
  4887 | D:5      | Entered Level 5 of the Dungeon
  5071 | D:5      | Reached skill level 6 in Short Blades
  5275 | D:5      | Found Daepey's Jewellery Emporium.
  5320 | D:5      | Found Juen's Armour Shop.
  5543 | D:5      | Noticed Eustachio
  5573 | D:5      | Killed Eustachio
  5722 | D:5      | Reached skill level 6 in Fighting
  5770 | D:5      | Found Xynoxut's General Store.
  5790 | D:5      | Bought a scroll of fog for 26 gold pieces
  5790 | D:5      | Bought a scroll of fog for 26 gold pieces
  5878 | D:5      | Found Imyifuugg's Assorted Antiques.
  5883 | D:5      | Bought a scroll of teleportation for 90 gold pieces
  6185 | D:6      | Gained mutation: You cannot study or cast Earth magic. [Ru
                  | sacrifice]
  6185 | D:6      | Gained mutation: You cannot study or cast Hexes magic. [Ru
                  | sacrifice]
  6185 | D:6      | Gained mutation: You cannot study or cast Necromancy magic.
                  | [Ru sacrifice]
  6185 | D:6      | Reduced skill Earth Magic to level 0
  6185 | D:6      | Reached **** piety under Ru
  6239 | D:6      | Got a brightly glowing ring mail
  6240 | D:6      | Identified the +1 ring mail "Evoaneusuhe" {rElec rPois rF-
                  | SInv} (You found it on level 6 of the Dungeon)
  6962 | D:6      | Reached XP level 9. HP: 67/69 MP: 18/18
  7115 | D:6      | Reached skill level 7 in Short Blades
  7665 | D:6      | Gained mutation: You are somewhat inexperienced. (-2 XL)
                  | [Ru sacrifice]
  7665 | D:6      | Reached XP level 8. HP: 50/65 MP: 17/17
  7665 | D:6      | Reached XP level 7. HP: 50/59 MP: 16/16
  7665 | D:6      | Reached ***** piety under Ru
  7665 | D:6      | Reached ****** piety under Ru
  8426 | D:7      | Noticed a hippogriff
  8458 | D:7      | Killed a hippogriff
  8458 | D:7      | Reached XP level 8. HP: 63/65 MP: 17/17
  8519 | D:7      | Found a shimmering altar of Xom.
  8740 | D:7      | Found a shimmering blue altar of Sif Muna.
  8820 | D:5      | Bought an uncursed amulet of guardian spirit for 300 gold
                  | pieces
  9038 | D:8      | Reached skill level 7 in Fighting
  9060 | D:8      | Reached skill level 8 in Short Blades
  9714 | D:9      | Noticed a two-headed ogre
  9722 | D:9      | Killed a two-headed ogre
  9722 | D:9      | Reached XP level 9. HP: 70/73 MP: 16/18
  9823 | D:9      | Found a staircase to the Lair.
 10017 | D:8      | Reached skill level 9 in Short Blades
 10102 | D:9      | Reached skill level 8 in Fighting
 10402 | D:9      | Found a shimmering altar of Xom.
 10403 | D:9      | Found a hazy altar of Hepliaklqana.
 10404 | D:9      | Noticed a spectral ugly thing
 10513 | D:9      | Reached XP level 10. HP: 75/80 MP: 17/19
 10546 | D:9      | Found Fuduygap's Armour Boutique.
 10635 | D:10     | Entered Level 10 of the Dungeon
 10675 | D:10     | Identified the +5 fustibalus "Casanece" {flame, rPois rF+}
                  | (You found it on level 10 of the Dungeon)
 10966 | D:3      | Killed deyja's ghost
 11697 | D:10     | Reached skill level 1 in Shields
 11737 | D:10     | Noticed a two-headed ogre
 11748 | D:10     | Killed a two-headed ogre
 11748 | D:10     | Reached skill level 10 in Short Blades
 11748 | D:10     | Reached skill level 2 in Slings
 11748 | D:10     | Reached skill level 2 in Shields
 12273 | D:10     | Reached skill level 3 in Shields
 12396 | D:10     | Found a roughly hewn altar of Beogh.
 12412 | D:10     | Reached skill level 3 in Slings
 12901 | D:11     | Found a burning altar of Makhleb.
 12901 | D:11     | Noticed Erolcha
 12902 | D:11     | Killed Erolcha
 13013 | D:11     | Reached skill level 1 in Evocations
 13034 | D:11     | Reached skill level 4 in Shields
 13055 | D:11     | Reached skill level 4 in Slings
 13055 | D:11     | Reached XP level 11. HP: 86/86 MP: 20/20
 13267 | D:11     | Reached skill level 2 in Evocations
 13437 | D:11     | Noticed a centaur warrior
 13437 | D:11     | Noticed a green ugly thing
 13439 | D:11     | Killed a centaur warrior
 13444 | D:11     | Killed a green ugly thing
 13502 | D:11     | Identified Ikkigg's Guide on Ice and Feathers
 13741 | D:11     | Reached skill level 3 in Evocations
 13744 | D:11     | Reached skill level 5 in Shields
 13752 | D:11     | Reached skill level 5 in Slings
 14559 | Lair:1   | Entered Level 1 of the Lair of Beasts
 15171 | Lair:1   | Reached skill level 4 in Evocations
 15671 | Lair:2   | Found a gate leading to a gauntlet.
 15680 | Gauntlet | Entered a Gauntlet
 15680 | Gauntlet | Found a large runed translucent door.
 15680 | Gauntlet | Found a large runed translucent door.
 15680 | Gauntlet | Found a large runed translucent door.
 15680 | Gauntlet | Found a transporter.
 15680 | Gauntlet | Found a large runed translucent door.
 15680 | Gauntlet | Found a runed translucent door.
 15680 | Gauntlet | Found a large runed translucent door.
 15680 | Gauntlet | Found a large runed translucent door.
 15680 | Gauntlet | Found a large runed translucent door.
 15680 | Gauntlet | Found a large runed translucent door.
 15680 | Gauntlet | Found a runed translucent gate.
 15680 | Gauntlet | Found a runed translucent gate.
 15680 | Gauntlet | Found a transporter.
 15680 | Gauntlet | Found a transporter.
 15680 | Gauntlet | Noticed a death scarab
 15681 | Gauntlet | Found a transporter.
 15682 | Gauntlet | Found a transporter.
 15685 | Gauntlet | Found a transporter.
 15691 | Gauntlet | Found a transporter.
 15694 | Gauntlet | Found a transporter.
 15696 | Gauntlet | Found a transporter.
 15698 | Gauntlet | Found a transporter.
 15698 | Gauntlet | Noticed a green death
 15702 | Gauntlet | Noticed a ghost crab
 15704 | Gauntlet | Found a transporter.
 15704 | Gauntlet | Found a transporter.
 15767 | Gauntlet | Found a runed translucent door.
 15767 | Gauntlet | Found a runed translucent gate.
 15770 | Gauntlet | Found a large runed translucent door.
 15770 | Gauntlet | Found a large runed translucent door.
 15770 | Gauntlet | Found a large runed translucent door.
 15770 | Gauntlet | Found a large runed translucent door.
 15771 | Gauntlet | Found a large runed translucent door.
 15771 | Gauntlet | Found a large runed translucent door.
 15772 | Gauntlet | Found a large runed translucent door.
 15772 | Gauntlet | Found a large runed translucent door.
 15884 | Gauntlet | Killed a death scarab
 15939 | Gauntlet | Got a pitted wooden ring
 15942 | Gauntlet | Identified the ring of the Will of the Gods {rCorr Dex+3}
                  | (You found it in a Gauntlet)
 15970 | Gauntlet | Reached skill level 6 in Shields
 15970 | Gauntlet | Reached XP level 12. HP: 87/92 MP: 21/21
 15979 | Gauntlet | Reached skill level 6 in Slings
 16312 | Gauntlet | Killed a green death
 16359 | Gauntlet | Got an ancient hat
 16360 | Gauntlet | Identified the +0 hat "Hudeihaj" {-Tele Rampage MR++
                  | Stlth+} (You found it in a Gauntlet)
 16374 | Gauntlet | Identified the +9 shortbow of Etoiff {freeze, MR+ Str+2}
 16374 | Gauntlet | Noticed a minotaur
 16380 | Gauntlet | Killed a minotaur
 16380 | Gauntlet | Reached skill level 5 in Evocations
 16532 | Gauntlet | Got a faintly glowing cloak
 16539 | Lair:2   | Identified the cursed +0 cloak of the Endless Expanse
                  | {Str+2 Dex+4} (You found it in a Gauntlet)
 17433 | Lair:3   | Reached skill level 7 in Shields
 17644 | Lair:3   | Reached skill level 7 in Slings
 17649 | Lair:3   | Found a staircase to the Shoals.
 17871 | Lair:3   | Reached skill level 1 in Throwing
 18243 | Lair:4   | Noticed a seven-headed hydra
 18287 | Lair:4   | Killed a seven-headed hydra
 18287 | Lair:4   | Reached skill level 2 in Throwing
 18508 | Lair:4   | Found a staircase to the Snake Pit.
 18921 | Lair:4   | Noticed a catoblepas
 18921 | Lair:4   | Noticed a catoblepas
 18928 | Lair:4   | Killed a catoblepas
 18928 | Lair:4   | Reached skill level 3 in Throwing
 18928 | Lair:4   | Reached skill level 8 in Shields
 18935 | Lair:4   | Killed a catoblepas
 18940 | Lair:4   | Gained mutation: You are in touch with the powers of death.
                  | [Mummy growth]
 18940 | Lair:4   | Reached XP level 13. HP: 67/98 MP: 16/22
 19466 | Lair:5   | Found a large runed translucent door.
 19519 | Lair:5   | Found a large runed translucent door.
 19556 | Lair:5   | Noticed Fyraqotz's ghost (journeyman VSFi)
 19940 | Lair:5   | Noticed Snorg
 19941 | Lair:5   | Killed Snorg
 19941 | Lair:5   | Reached skill level 4 in Throwing
 20367 | Lair:5   | Found a viscous altar of Jiyva.
 20367 | Lair:5   | Found a staircase to the Slime Pits.
 20443 | Lair:6   | Entered Level 6 of the Lair of Beasts
 20913 | Lair:6   | Reached skill level 5 in Throwing
 20913 | Lair:6   | Reached skill level 9 in Shields
 21505 | Lair:6   | Noticed Sonja
 21506 | Lair:6   | Noticed Sonja
 21506 | Lair:6   | Sonja changed into Sonja the acid dragon
 21509 | Lair:6   | Killed Sonja the acid dragon
 21786 | Lair:6   | Reached skill level 6 in Throwing
 22473 | Lair:6   | Found a burning altar of Makhleb.
 23049 | Lair:6   | Found a gateway to Hell.
 23058 | Lair:6   | Identified the cursed +1 scythe of Jeowkur {flame, +Blink
                  | rF+ Stlth+} (You found it on level 6 of the Lair of Beasts)
 23788 | D:12     | Found a staircase to the Orcish Mines.
 23835 | D:12     | Reached skill level 10 in Shields
 23877 | D:12     | Reached skill level 1 in Armour
 23877 | D:12     | Reached XP level 14. HP: 41/105 MP: 10/23
 24040 | D:12     | Noticed Psyche
 24044 | D:12     | Noticed Psyche
 24044 | D:12     | Psyche changed into Psyche the black bear
 24047 | D:12     | Killed Psyche the black bear
 24890 | Orc:1    | Entered Level 1 of the Orcish Mines
 24895 | Orc:1    | Reached skill level 7 in Throwing
 24973 | Orc:2    | Entered Level 2 of the Orcish Mines
 24973 | Orc:2    | Found Kiecuyll's General Store.
 25155 | Orc:1    | Reached skill level 2 in Armour
 26300 | Orc:2    | Found a staircase to the Elven Halls.
 26379 | Orc:2    | Found Lydiveta's General Store.
 26392 | Orc:2    | Found Syabuucu's Antique Armour Boutique.
 26474 | Orc:2    | Reached skill level 3 in Armour
 26493 | Orc:2    | Reached skill level 9 in Fighting
 26626 | Orc:2    | Found Noptinal's Jewellery Shop.
 26750 | Orc:2    | Found Xesem's Distillery.
 26768 | Orc:2    | Bought the ring of Yendor {+Fly rF+ Str+3 Dex+3 Stlth+} for
                  | 656 gold pieces
 26978 | Orc:2    | Noticed an orc warlord
 26979 | Orc:2    | Found Maqubb's Antique Weapon Shoppe.
 26994 | Orc:2    | Killed an orc warlord
 27541 | D:13     | Noticed Jorgrun
 27547 | D:13     | Killed Jorgrun
 27547 | D:13     | Reached skill level 8 in Throwing
 27547 | D:13     | Reached skill level 4 in Armour
 29103 | D:14     | Reached skill level 10 in Fighting
 29544 | D:14     | Reached skill level 5 in Armour
 29605 | D:14     | Found a gate to the Vaults.
 29656 | D:14     | Reached XP level 15. HP: 115/115 MP: 24/24
 29675 | D:14     | Identified the Volume of Venomous Feathers
 30357 | D:14     | Found a portal to a secret trove of treasure.
 30462 | D:15     | Entered Level 15 of the Dungeon
 30903 | D:15     | Reached skill level 9 in Throwing
 31155 | D:15     | Found Heviwn Olish's Book Boutique.
 31277 | D:15     | Reached skill level 6 in Armour
 31592 | D:15     | Found a shimmering altar of Xom.
 31825 | D:15     | Found a staircase to the Depths.
 32440 | D:5      | Bought a tin of tremorstones (3/3) for 520 gold pieces
 32670 | Orc:2    | Bought a pair of embroidered boots for 262 gold pieces
 32670 | Orc:2    | Bought a glowing helmet for 262 gold pieces
 32951 | Snake:1  | Entered Level 1 of the Snake Pit
 33244 | Snake:1  | Reached skill level 11 in Fighting
 33648 | Snake:1  | Found a large runed translucent door.
 33648 | Snake:1  | Found a large runed translucent door.
 33649 | Snake:1  | Noticed Ylebor's ghost (adept TrFi)
 34726 | Snake:2  | Reached skill level 7 in Armour
 35457 | Snake:3  | Reached skill level 10 in Throwing
 35457 | Snake:3  | Reached XP level 16. HP: 116/127 MP: 21/25
 35823 | Snake:3  | Reached skill level 12 in Fighting
 36116 | Snake:3  | Reached skill level 8 in Armour
 37009 | Snake:4  | Entered Level 4 of the Snake Pit
 37376 | Snake:4  | Reached skill level 11 in Throwing
 37695 | Snake:4  | Found Wovaevos's General Store.
 37832 | Snake:4  | Reached skill level 9 in Armour
 38870 | Snake:4  | Reached XP level 17. HP: 107/133 MP: 20/26
 38986 | Snake:4  | Reached skill level 10 in Armour
 39325 | Snake:4  | Got a serpentine rune of Zot
 39526 | Shoals:1 | Entered Level 1 of the Shoals
 39616 | Shoals:1 | Reached skill level 12 in Throwing
 39822 | Shoals:1 | Found Ceiwk's Antique Weapon Emporium.
 42417 | Shoals:3 | Reached skill level 1 in Dodging
 42499 | Shoals:3 | Noticed Ilsuiw
 42509 | Shoals:3 | Killed Ilsuiw
 42576 | Shoals:4 | Entered Level 4 of the Shoals
 43075 | Shoals:4 | Reached skill level 13 in Throwing
 43493 | Shoals:4 | Found Nefeqy's Magic Scroll Shoppe.
 43501 | Shoals:4 | Bought a scroll of teleportation for 60 gold pieces
 43501 | Shoals:4 | Bought a scroll of teleportation for 60 gold pieces
 43501 | Shoals:4 | Bought a scroll of teleportation for 60 gold pieces
 43523 | Shoals:4 | Reached skill level 2 in Dodging
 43590 | Shoals:4 | Got a barnacled rune of Zot
 43864 | Shoals:4 | Found the +7 sceptre of Torment {pain, torment}
 43916 | Shoals:4 | Identified the +2 ice dragon scales "Koebeno" {rF- rC++ rN+
                  | Int-3 Dex+5} (You found it on level 4 of the Shoals)
 44513 | Shoals:4 | Reached XP level 18. HP: 142/142 MP: 27/27
 45058 | D:14     | You paid a toll of 13 scrolls of teleportation to enter a
                  | treasure trove
 45059 | Trove    | Entered a treasure trove
 45092 | Trove    | Found the ring of Robustness {AC+8}
 45098 | Trove    | Got a heavily runed zirconium amulet
 45115 | D:14     | Identified the amulet "Koidolywn" {Regen+ Str+2} (You found
                  | it in a treasure trove)
 45439 | Elf:1    | Entered Level 1 of the Elven Halls
 45686 | Elf:1    | Noticed a Tzitzimitl
 46404 | Elf:1    | Reached skill level 3 in Dodging
 46978 | Elf:2    | Reached skill level 6 in Evocations
 47632 | Elf:2    | Noticed Louise
 47641 | Elf:2    | Found a runed translucent gate.
 47650 | Elf:2    | Killed Louise
 47651 | Elf:2    | Found a runed translucent gate.
 47652 | Elf:2    | Found a runed translucent gate.
 47701 | Elf:2    | Noticed Roxanne
 47737 | Elf:2    | Killed Roxanne
 47865 | Elf:2    | Found a shimmering blue altar of Sif Muna.
 48176 | Elf:2    | Reached skill level 13 in Fighting
 48370 | Elf:3    | Entered Level 3 of the Elven Halls
 48409 | Elf:3    | Noticed Saint Roka
 48506 | Elf:3    | Killed Saint Roka
 48507 | Elf:3    | Found an ancient bone altar of Kikubaaqudgha.
 49363 | Elf:3    | Reached skill level 4 in Dodging
 49699 | Elf:3    | Noticed a Hell Sentinel
 49714 | Elf:3    | Reached XP level 19. HP: 103/149 MP: 19/28
 49714 | Elf:3    | Reached skill level 14 in Throwing
 49724 | Elf:3    | Reached skill level 11 in Armour
 49724 | Elf:3    | Reached skill level 11 in Shields
 50032 | Elf:3    | Found the brooch of Shielding {Spirit SH+8}
 50061 | Elf:3    | Reached skill level 7 in Evocations
 50174 | Elf:3    | Identified the +3 pair of gloves "Siekhlip" {Str+2 Int+2}
                  | (You found it on level 3 of the Elven Halls)
 50200 | Elf:3    | Identified Horaapodd's Catalogue of Earth and Venom
 50212 | Elf:3    | Got an ancient golden amulet
 50213 | Elf:3    | Identified the amulet of Harmony {Acrobat *Slow +Fly MP+9
                  | Dex+7} (You found it on level 3 of the Elven Halls)
 50373 | Orc:2    | Bought a scroll of teleportation for 36 gold pieces
 50630 | Slime:1  | Entered Level 1 of the Pits of Slime
 51222 | Slime:3  | Noticed Dissolution
 51227 | Slime:3  | Killed Dissolution
 51227 | Slime:3  | Reached skill level 5 in Dodging
 51612 | Slime:5  | Entered Level 5 of the Pits of Slime
 51808 | Slime:5  | Found a viscous altar of Jiyva.
 51808 | Slime:5  | Noticed the Royal Jelly
 51874 | Slime:5  | Killed the Royal Jelly
 51876 | Slime:5  | Reached XP level 20. HP: 116/158 MP: 7/29
 52104 | Slime:5  | Learned a level 1 spell: Apportation
 52107 | Slime:5  | Learned a level 2 spell: Blink
 52113 | Slime:4  | Learned a level 3 spell: Lesser Beckoning
 52382 | Slime:5  | Got a slimy rune of Zot
 52390 | Slime:5  | Identified the +9 morningstar of Famn {freeze, rF++ rN+ MR+
                  | Dex-2} (You found it on level 5 of the Pits of Slime)
 52450 | Slime:5  | Identified Tibbag's Almanac of Glacial Hexes
 52479 | Slime:5  | Identified the cursed +3 short sword of the Aged Xenops
                  | {flame, Str+5 Dex+3} (You found it on level 5 of the Pits
                  | of Slime)
 52494 | Slime:5  | Identified the Volume of Flames and the Birds
 52809 | Orc:2    | Bought a scroll of enchant armour for 90 gold pieces
 53115 | Shoals:4 | Bought a scroll of enchant armour for 150 gold pieces
 53115 | Shoals:4 | Bought a scroll of magic mapping for 70 gold pieces
 53373 | D:5      | Bought a wand of digging (7) for 286 gold pieces
 53651 | Depths:1 | Entered Level 1 of the Depths
 54071 | D:15     | Reached skill level 6 in Dodging
 54468 | D:15     | Reached skill level 14 in Fighting
 54493 | D:15     | Reached skill level 8 in Evocations
 54621 | Depths:1 | Reached skill level 15 in Throwing
 54741 | Depths:1 | You fall into a shaft and drop 1 floor!
 55761 | Depths:2 | Found Jakumastrir's Gadget Boutique.
 55763 | Depths:2 | Found Piefooq's Jewellery Emporium.
 55764 | Depths:2 | Found Azxy's Gadget Boutique.
 55773 | Depths:2 | Bought a wand of paralysis (8) for 120 gold pieces
 55777 | Depths:2 | Bought a wand of paralysis (9) for 165 gold pieces
 55777 | Depths:2 | Bought a wand of acid (9) for 390 gold pieces
 55777 | Depths:2 | Bought a wand of iceblast (8) for 180 gold pieces
 55781 | Depths:2 | Bought a wand of iceblast (6) for 120 gold pieces
 55781 | Depths:2 | Bought a wand of iceblast (8) for 144 gold pieces
 55781 | Depths:2 | Bought a wand of iceblast (8) for 144 gold pieces
 55781 | Depths:2 | Bought a wand of iceblast (5) for 108 gold pieces
 55781 | Depths:2 | Bought a wand of iceblast (5) for 108 gold pieces
 57303 | Depths:2 | Reached XP level 21. HP: 166/166 MP: 30/30
 57435 | Depths:2 | Noticed Asterion
 57453 | Depths:2 | Killed Asterion
 57835 | Depths:3 | Found a gateway to a ziggurat.
 57878 | Depths:3 | Reached skill level 12 in Armour
 57891 | Depths:3 | Reached skill level 12 in Shields
 58014 | Depths:3 | Paralysed by a floating eye for 4 turns
 58024 | Depths:3 | Reached skill level 7 in Dodging
 58831 | Depths:3 | Reached skill level 9 in Evocations
 59874 | Depths:3 | Paralysed by a great orb of eyes for 4 turns
 60022 | Depths:3 | Found Gyraat's Jewellery Boutique.
 60285 | Depths:3 | Found a one-way gate leading to the halls of Pandemonium.
 60301 | Depths:3 | Found an iron altar of Okawaru.
 60971 | Depths:3 | Noticed Bai Suzhen
 60982 | Depths:3 | Killed Bai Suzhen
 61251 | Depths:4 | Reached skill level 8 in Dodging
 61311 | Depths:4 | Reached skill level 15 in Fighting
 62026 | Depths:4 | Reached XP level 22. HP: 104/175 MP: 1/31
 62455 | Depths:4 | Noticed an ancient lich
 62463 | Depths:4 | Killed an ancient lich
 62463 | Depths:4 | Reached skill level 10 in Evocations
 62572 | Depths:4 | Found a one-way gate to the infinite horrors of the Abyss.
 62613 | Depths:4 | You fall into a shaft and drop 1 floor!
 62613 | Depths:5 | Entered Level 5 of the Depths
 62613 | Depths:5 | Noticed a juggernaut
 62617 | Depths:5 | Noticed a caustic shrike
 62617 | Depths:5 | Noticed a caustic shrike
 62618 | Depths:5 | Noticed a caustic shrike
 62618 | Depths:5 | Noticed a caustic shrike
 63311 | Depths:5 | Reached skill level 13 in Armour
 63328 | Depths:4 | Reached skill level 9 in Dodging
 63328 | Depths:4 | Reached skill level 13 in Shields
 64086 | Depths:4 | Killed a juggernaut
 64158 | Depths:5 | Noticed a caustic shrike
 64186 | Depths:4 | Killed a caustic shrike
 64255 | Depths:5 | Killed a caustic shrike
 64256 | Depths:5 | Killed a caustic shrike
 64257 | Depths:5 | Killed a caustic shrike
 64259 | Depths:5 | Killed a caustic shrike
 65148 | Depths:5 | Found a gate to the Realm of Zot.
 65202 | Depths:5 | Reached XP level 23. HP: 143/183 MP: 26/32
 65555 | Zot:1    | Entered Level 1 of the Realm of Zot
 65811 | Zot:1    | Reached skill level 10 in Dodging
 66162 | Zot:2    | Identified the cursed +0 helmet "Vojesh" {Dex+5} (You found
                  | it on level 2 of the Realm of Zot)
 66220 | Zot:5    | Entered Level 5 of the Realm of Zot
 66507 | Zot:5    | Reached skill level 16 in Fighting
 66983 | Zot:5    | Reached skill level 14 in Armour
 67374 | Zot:5    | Reached skill level 14 in Shields
 67678 | Zot:5    | Noticed a curse toe
 67740 | Zot:5    | Killed a curse toe
 67806 | Zot:5    | Noticed a curse toe
 67836 | Zot:5    | Killed a curse toe
 68125 | Zot:5    | Noticed a Killer Klown
 68149 | Zot:5    | Noticed an orb of fire
 68150 | Zot:5    | Noticed an orb of fire
 68153 | Zot:5    | Noticed an orb of fire
 68156 | Zot:5    | Killed a Killer Klown
 68163 | Zot:5    | Noticed an orb of fire
 68164 | Zot:5    | Killed an orb of fire
 68164 | Zot:5    | Noticed a Killer Klown
 68167 | Zot:5    | Noticed a Killer Klown
 68175 | Zot:5    | Noticed an ancient lich
 68177 | Zot:5    | Killed a Killer Klown
 68177 | Zot:5    | Noticed an orb of fire
 68179 | Zot:5    | Noticed a Killer Klown
 68182 | Zot:5    | Killed an orb of fire
 68189 | Zot:5    | Killed an orb of fire
 68192 | Zot:5    | Killed a Killer Klown
 68195 | Zot:5    | Killed an ancient lich
 68195 | Zot:5    | Reached XP level 24. HP: 123/193 MP: 19/32
 68195 | Zot:5    | Noticed an ancient lich
 68197 | Zot:5    | Killed a Killer Klown
 68197 | Zot:5    | Reached skill level 17 in Fighting
 68199 | Zot:5    | Noticed a Killer Klown
 68204 | Zot:5    | Killed an ancient lich
 68205 | Zot:5    | Killed an orb of fire
 68213 | Zot:5    | Noticed a Killer Klown
 68224 | Zot:5    | Killed an orb of fire
 68238 | Zot:5    | Killed a Killer Klown
 68244 | Zot:5    | Killed a Killer Klown
 68244 | Zot:5    | Reached skill level 15 in Armour
 68549 | Zot:5    | Reached skill level 15 in Shields
 68556 | Zot:5    | Noticed an ancient lich
 68576 | Zot:5    | Killed an ancient lich
 68815 | Zot:5    | Reached skill level 18 in Fighting
 69343 | Zot:5    | Got the Orb of Zot
 69401 | Zot:1    | Noticed Hagiyrus the pandemonium lord
 69416 | Zot:1    | Killed Hagiyrus the pandemonium lord
 69691 | D:13     | Reached skill level 19 in Fighting
 69833 | D:7      | Noticed Jeeschoz the pandemonium lord
 69843 | D:7      | Killed Jeeschoz the pandemonium lord
 69991 | D:$      | Escaped with the Orb!

Illustrated notes

Levels and vault maps discovered:
D:1:      dpeg_arrival_orchard, layout_loops_ring, kennysheep_nondescript
D:2:      layout_loops_ring, grunt_temple_overflow_open, uniq_crazy_yiuf_cottage
D:3:      layout_basic, ebering_ghost_disaster_area, nrook_mini_backslash,
          uniq_natasha, uniq_grinder
D:4:      layout_loops_ring, gammafunk_temple_overflow_forgotten, tgw_trog,
          temple_green, enter_ossuary_2
D:5:      layout_basic, serial_shops, shop, kennysheep_little_box,
          nicolae_shop_statue_plus, shop, minivault_23, uniq_eustachio
D:6:      minmay_goblin_kobold_castle, layout_loops_cross
D:7:      layout_gridville, basic_altar, lemuel_blue_sif_altar
D:8:      layout_loops_ring, minivault_27, hangedman_abyss_or_decor_slice,
          grunt_ministairs_9
D:9:      layout_cave_pools, regret_index_temple_of_mockery,
          erik_lair_orcish_takeover, serial_shops, nicolae_shop_stone
D:10:     layout_rooms, special_room [special_room_orc]
D:11:     minmay_the_grid_triangle_9x9_rhombus_full
          [minmay_the_grid_triangle_9x9_zippers_vertical,
          minmay_the_grid_triangle_9x9_dagger,
          minmay_the_grid_triangle_9x9_shrine,
          minmay_the_grid_triangle_9x9_warning,
          minmay_the_grid_triangle_9x9_longest,
          minmay_the_grid_triangle_9x9_impossible_snake,
          minmay_the_grid_triangle_9x9_limited_checkers,
          minmay_the_grid_triangle_9x9_prize_insulated], layout_loops_cross,
          uniq_erolcha
D:12:     layout_stronghold, orc_0_dummy, uniq_psyche
D:13:     layout_loops_corners, kennysheep_cluttered_room, uniq_jorgrun
D:14:     layout_gridville, david_vaults_4, kennysheep_crisscross, enter_trove_5
D:15:     grunt_enter_depths_hoard, layout_cross, serial_shops, shop,
          minivault_11, xom_teletrap_fun
Lair:1:   layout_roguey
Lair:2:   layout_roguey, gauntlet_entry_generic
Lair:3:   layout_roguey, minmay_shoals_entry_beasts
Lair:4:   nzn_motion_control, layout_regular_city,
          minmay_snake_entry_guardpost_medium
Lair:5:   layout_cave_pods, dpeg_slime_entry_enclosed_altar,
          ebering_ghost_disaster_area, worms_lemuel, lemuel_fruit_tree,
          grunt_megastairs_3, uniq_snorg
Lair:6:   evil_forest, layout_loops_ring, st_stairs_5, uniq_sonja
Shoals:1: argonaut_golden_fleece, layout_shoals, serial_shops,
          nicolae_shop_crystal
Shoals:2: layout_shoals
Shoals:3: layout_shoals, uniq_ilsuiw
Shoals:4: shoals_end_grunt_ice, layout_shoals, serial_shops, shop
Snake:1:  layout_cave_pods, ebering_ghost_disaster_area
Snake:2:  layout_onion, serial_bayou_shore_b, grunt_megastairs_4
Snake:3:  layout_rooms, grunt_ministairs_7
Snake:4:  snake_pit, layout_cave_town, serial_shops, nicolae_shop_statue_plus
Slime:1:  layout_caves, nicolae_slime_barrier
Slime:2:  layout_caves
Slime:3:  layout_caves, uniq_dissolution
Slime:4:  layout_caves, cheibrodos_slime_lost_civilization_4
Slime:5
Orc:1:    layout_diamond_mine, minmay_orc_barracks
Orc:2:    grunt_orc_gardens, layout_caves, grunt_orc_garden, grunt_orc_garden,
          grunt_orc_garden, grunt_orc_garden, serial_shops,
          nicolae_shop_waterfront, shop_statue
Elf:1:    layout_loops_ring, hangedman_elf_represent, grunt_ministairs_15
Elf:2:    layout_geoelf_octagon, basic_altar, uniq_louise, uniq_roxanne
Elf:3:    elf_hall, layout_loops_ring, basic_altar, uniq_saint_roka
Depths:1: layout_cave_pools, serial_sigils, serial_sigils_hangedman_scratch,
          serial_sigils_hangedman_confine, serial_sigils_hangedman_shear,
          serial_sigils_hangedman_quiver, serial_sigils_hangedman_gnaw,
          serial_sigils_hangedman_snap, hell_entry, dispersion_dpeg
Depths:2: angbandy_vault, layout_gridlike, nicolae_benzene_ring, hell_entry,
          minmay_shop_grove, uniq_asterion
Depths:3: kb_forest_paths, layout_honeycomb, enter_ziggurat_f,
          rand_demon_pan_entry_3, pf_hell_entry_tar_river, serial_shops, shop,
          okawaru_ov_weapons_minmay, uniq_bai_suzhen
Depths:4: hangedman_crystal_crosses_colossus [crystal_crosses_arms_four,
          crystal_crosses_arms_four, crystal_crosses_arms_two,
          crystal_crosses_arms_one], abyss_entry, hell_entry
Depths:5: evilmike_zot_entry_round, layout_cave_pools,
          hangedman_abyss_or_decor_stabs, hangedman_coc_ice_floe, moated_statue
Zot:1:    lemuel_draconian_sentries_small, layout_basic, st_stairs_14,
          grunt_ministairs_15, zot_minivault_1
Zot:2:    layout_misc_corridors
Zot:3:    hangedman_zot_vaults_quadrants, layout_concentric_octagons
Zot:4:    layout_gridlike
Zot:5:    layout_basic, grunt_ministairs_7, hangedman_zot_diagonal_lockstep

Skill      XL: |  1  2  3  4  5  6  7  8  9 10 11 12 13 14 15 16 17 18 19 20 21 22 23 24 |
---------------+-------------------------------------------------------------------------+-----
Earth Magic    | 1 0 |  0.0
Fighting       | 1 2 4 5 7 8 10 11 12 13 14 15 16 19 | 19.2
Short Blades   | 1 2 3 4 5 8 9 10 | 10.0
Shields        | 0 4 6 8 10 11 12 13 14 15 | 15.0
Transmutations | 0 |  0.8
Evocations     | 0 1 4 5 6 7 8 9 10 | 10.0
Slings         | 4 5 7 |  7.1
Throwing       | 3 6 8 10 11 13 14 15 | 15.4
Armour         | 1 5 7 9 10 11 12 13 14 15 | 15.0
Dodging        | 2 4 5 6 8 9 10 | 10.0
Spellcasting   | |  6.0
Conjurations   | |  1.3

Action                   |  1- 3 |  4- 6 |  7- 9 | 10-12 | 13-15 | 16-18 | 19-21 | 22-24 || total
-------------------------+-------+-------+-------+-------+-------+-------+-------+-------++-------
Melee: Club              |    39 |       |       |       |       |       |       |       ||    39
       Dagger            |    73 |   125 |   795 |   294 |   155 |       |       |       ||  1442
       Short sword       |    16 |       |       |       |       |       |       |       ||    16
       Rapier            |       |       |    11 |    13 |       |       |       |       ||    24
       Fustibalus        |       |       |       |       |     3 |       |       |       ||     3
       Quick blade       |       |       |       |       |       |   886 |  1714 |   541 ||  3141
       Morningstar       |       |       |       |       |       |       |     8 |     1 ||     9
 Fire: Fustibalus        |       |       |       |   490 |  1849 |  1567 |       |       ||  3906
Throw: Dart              |       |     3 |    34 |     8 |       |       |       |     3 ||    48
       Boomerang         |       |       |       |       |       |    15 |   685 |   825 ||  1525
       Javelin           |       |       |       |       |       |       |    72 |   110 ||   182
       Throwing net      |       |       |       |       |       |       |     1 |     2 ||     3
 Cast: Sandblast         |     4 |       |       |       |       |       |       |       ||     4
Invok: Sacrifice Love    |       |     1 |       |       |       |       |       |       ||     1
       Sacrifice Experie |       |       |     1 |       |       |       |       |       ||     1
       Sacrifice Arcana  |       |       |     1 |       |       |       |       |       ||     1
       Sacrifice Skill   |       |       |     1 |       |       |       |       |       ||     1
       Power Leap        |       |       |     1 |     1 |     8 |       |     1 |     1 ||    12
       Apocalypse        |       |       |       |     2 |     6 |     3 |     1 |     5 ||    17
       Draw Out Power    |       |       |       |       |     3 |     1 |     8 |     3 ||    15
Evoke: Wand              |       |     5 |     8 |     2 |     6 |    24 |    18 |    43 ||   106
       Lightning rod     |       |       |       |     4 |    10 |    17 |     3 |       ||    34
       Condenser vane    |       |       |       |     3 |     6 |     9 |    15 |    15 ||    48
       Tin of tremorston |       |       |       |       |       |    11 |    13 |    10 ||    34
  Use: Scroll            |       |    10 |     7 |     9 |     5 |    10 |    17 |    16 ||    74
 Stab: Paralysed         |       |     7 |     2 |     3 |     4 |     2 |     9 |    11 ||    38
       Invisible         |       |       |     5 |     2 |     2 |     5 |     3 |     5 ||    22
       Distracted        |       |       |       |     2 |     2 |     4 |     4 |     4 ||    16
       Held in net/web   |       |       |       |       |       |       |     2 |     1 ||     3
Armor: Robe              |    24 |       |       |       |       |       |       |       ||    24
       Leather armour    |    12 |       |       |       |       |       |       |       ||    12
       Plate armour      |       |    70 |   399 |   216 |   553 |   478 |       |       ||  1716
       Acid dragon scale |       |       |       |     3 |       |       |       |       ||     3
       Chain mail        |       |       |       |       |       |    25 |   305 |    46 ||   376
       Storm dragon scal |       |       |       |       |       |       |       |   177 ||   177
Dodge: Dodged            |    55 |     5 |    21 |    97 |   253 |   244 |   116 |   113 ||   904
Block: Kite shield       |    31 |    41 |   264 |   216 |   618 |   472 |       |       ||  1642
       Tower shield      |       |       |       |       |       |   244 |  1315 |   889 ||  2448

Table legend: (Time is in decaauts)
 A = Elapsed time spent in this place.
 B = Non-inter-level travel time spent in this place.
 C = Inter-level travel time spent in this place.
 D = Time resting spent in this place.
 E = Time spent auto-exploring this place.
 F = Levels seen in this place.
 G = Mean time per level.
                   A        B        C        D        E       F      G
               +--------+--------+--------+--------+--------+-----+--------+
         Total |  67851 |  61889 |   5962 |   7059 |  40772 |  52 | 1304.8 |
       Dungeon |  23567 |  19954 |   3613 |   1335 |  14264 |  15 | 1571.1 |
          Lair |   8483 |   7613 |    870 |    532 |   5747 |   6 | 1413.8 |
        Shoals |   5756 |   5397 |    359 |    332 |   3881 |   4 | 1439.0 |
     Snake Pit |   6466 |   6263 |    203 |    313 |   4423 |   4 | 1616.5 |
    Slime Pits |   1688 |   1629 |     59 |   1092 |      1 |   5 |  337.6 |
  Orcish Mines |   2595 |   2362 |    233 |     22 |   1681 |   2 | 1297.5 |
   Elven Halls |   4213 |   3959 |    254 |    180 |   2916 |   3 | 1404.3 |
        Depths |  10250 |   9982 |    268 |   1055 |   6607 |   5 | 2050.0 |
           Zot |   3659 |   3560 |     99 |   1955 |    714 |   5 |  731.8 |
         Trove |     56 |     56 |      0 |      0 |      0 |   1 |   56.0 |
       Ossuary |    283 |    283 |      0 |      0 |    122 |   1 |  283.0 |
      Gauntlet |    831 |    831 |      0 |    240 |    414 |   1 |  831.0 |
               +--------+--------+--------+--------+--------+-----+--------+

Top non-repeatable levels by time:
Depths:3: 2941 daAuts
   Zot:5: 2924 daAuts
Depths:4: 2822 daAuts
     D:6: 2453 daAuts
 Snake:4: 2371 daAuts
  Lair:6: 2362 daAuts
    D:11: 2355 daAuts
Shoals:4: 2122 daAuts
Depths:2: 2090 daAuts
    D:12: 2031 daAuts
    D:15: 2018 daAuts
    D:14: 1992 daAuts
     D:1: 1849 daAuts
    D:13: 1797 daAuts
   Elf:3: 1737 daAuts
